 Dungeon Crawl Stone Soup version 0.32-a0-814-g0968bab981 (webtiles) character file.

Game seed: 2038496523920867844

11861 Raydon1206 the Mimic (level 11, -1/91 (100) HPs)
             Began as a Black Draconian Shapeshifter on Mar 22, 2024.
             Was a Believer of Beogh.
             Slain by Sonja
             ... wielding a +2 short sword of distortion
              (21 damage)
             ... on level 11 of the Dungeon.
             The game lasted 00:18:59 (13688 turns).

Raydon1206 the Mimic (DrSh)                        Turns: 13688, Time: 00:19:01

HP:   -1/91 (100)   AC:  7    Str: 20    XL:     11   Next: 54%
MP:   11/11         EV: 11    Int: 12    God:    Beogh [**....]
Gold: 563           SH:  5    Dex: 10    Spells: 10/10 levels left

rFire   . .          .
                       - Unarmed
rCold   . . .        (shield currently unavailable)
rNeg    . . .        (body armour unavailable)
rPois   .            (helmet restricted)
rElec   +            (no cloak)
rCorr   .            (gloves currently unavailable)
SInv    .            (no boots)
Will    +....        q - amulet of reflection
Stlth   +            d - ring of willpower
HPRegen 0.35/turn    (no ring)
MPRegen 0.12/turn

%: reflection
@: blade hands, drained
A: galvanic breath, AC +7, unfitting armour, electricity resistance,
cold-blooded
a: Galvanic Breath, Begin Untransformation, Renounce Religion, Smiting


You were on level 11 of the Dungeon.
You worshipped Beogh.
Beogh was pleased with you.
You had blades for hands.
You visited 2 branches of the dungeon, and saw 12 of its levels.
You also visited: Sewer.

You collected 563 gold pieces.

Inventory:

Armour
 i - a scarf of shadows
Jewellery
 d - a ring of willpower (left blade hand)
 q - an amulet of reflection (around neck)
Talismans
 b - a beast talisman
 c - a flux talisman
 h - a dragon-blood talisman
 D - a blade talisman (active)
Wands
 g - a wand of polymorph (16)
 l - a wand of paralysis (11)
 F - a wand of flame (23)
 G - a wand of light (5)
 H - a wand of warping (4)
Scrolls
 f - 3 scrolls of teleportation
 j - 4 scrolls of immolation
 k - a scroll of vulnerability
 p - 3 scrolls of fog
 v - a scroll of fear
 x - a scroll of noise
 y - 3 scrolls of revelation
 A - a scroll of blinking
 E - a scroll of butterflies
 J - a scroll of poison
Potions
 a - 2 potions of resistance
 e - 2 potions of cancellation
 m - a potion of might
 n - a potion of invisibility {unknown}
 o - 2 potions of haste
 r - 2 potions of magic
 s - 2 potions of experience {unknown}
 t - 4 potions of curing {unknown}
 u - a potion of brilliance {unknown}
 w - 2 potions of berserk rage {unknown}
 z - a potion of enlightenment {unknown}
 B - a potion of heal wounds {unknown}
 C - 2 potions of degeneration {unknown}
 I - a potion of lignification
 K - a potion of attraction {unknown}


   Skills:
 + Level 10.2 Fighting
 - Level 1.7 Dodging
 + Level 9.8 Unarmed Combat
 * Level 12.4 Shapeshifting


You had 10 spell levels left.
You didn't know any spells.
Your spell library contained the following spells:

 Spells                   Type           Power      Damage    Failure   Level
 Jinxbite                 Hex            0%         N/A       45%         2
 Inner Flame              Hex/Fire       0%         N/A       69%         3
 Leda's Liquefaction      Alch/Erth      0%         N/A       97%         4
 Olgreb's Toxic Radiance  Alch           0%         N/A       97%         4
 Petrify                  Alch/Erth      0%         N/A       97%         4
 Irradiate                Conj/Alch      0%         3d11      100%        5
 Metabolic Englaciation   Hex/Ice        0%         N/A       100%        5
 Yara's Violent Unravell  Hex/Alch       0%         3d3       100%        5
 Enfeeble                 Hex            0%         N/A       100%        7
 Ozocubu's Refrigeration  Ice            0%         4d7       100%        7
 Discord                  Hex            0%         N/A       100%        8
 Ignition                 Fire           0%         3d3       100%        8


Dungeon Overview and Level Annotations

Branches:
Dungeon (11/15)            Temple (1/1) D:6           Sewer (visited)
   Lair: D:8-11         Orc: D:9-12

Altars:
Ashenzari
Cheibriados
Dithmenos
Elyvilon
Fedhas
Gozag
Hepliaklqana
Kikubaaqudgha
Makhleb
Nemelex Xobeh
Okawaru
Qazlal
Ru
Sif Muna
Trog
Uskayaw
Vehumet
Wu Jian
Xom
Yredelemnul
Zin
The Shining One
Beogh

Annotations:
D:5 1 runed translucent door, Crazy Yiuf
D:8 4 transporters, avangion's ghost, novice DEFE
D:9 3 runed translucent doors, ezpacito's ghost, novice CoCK
D:11 Sonja


Innate Abilities, Weirdness & Mutations

You have blades for hands.
You are incapable of wielding weapons or throwing items.
Your facial features look somewhat orcish.
You can breathe arcing electricity.
Your glossy black scales are hard. (AC +7)
You cannot fit into any form of body armour.
You are resistant to electric shocks. (rElec)
You are cold-blooded and may be slowed by cold attacks.


Message History

The arc of electricity hits the laughing skull!
The laughing skull is struck by an electric surge!!
You destroy the laughing skull!
Beogh accepts your kill.
The laughing skull is struck by an electric surge!!
You destroy the laughing skull!
Beogh accepts your kill.
K - a metallic green potion Sonja, the Graceful Assassin comes into view.
She is wielding a +2 short sword of distortion and quivering curare-tipped darts.
Okay, then.
Sonja shouts!
Sonja closely misses you.
Sonja hits you with a +2 short sword of distortion!
Space warps horribly around you! Sonja hits you but does no damage.
Space warps around you.
You closely miss Sonja.
Sonja hits you with a +2 short sword of distortion.
Space warps around you. Sonja closely misses you.
Sonja hits you but does no damage.
You blink.
Sonja hits you with a +2 short sword of distortion.
Space warps around you. Sonja completely misses you. You block Sonja's attack.
Sonja barely misses you. Sonja closely misses you.
Sonja hits you with a +2 short sword of distortion!
Space warps around you.
You barely miss Sonja. Your slash misses Sonja.
Sonja hits you with a +2 short sword of distortion!
Space warps around you. Sonja closely misses you.
Sonja hits you but does no damage. Space warps around you.
* * * LOW HITPOINT WARNING * * *
You slash Sonja!
Sonja is moderately wounded.
Sonja mumbles some strange words.
Sonja blinks!
Sonja mumbles some strange words.
Sonja blinks!
Sonja misses you. x2
Sonja hits you with a +2 short sword of distortion.
* * * LOW HITPOINT WARNING * * *
Space warps horribly around you!!
You die...
Sonja takes a bow.

....... .# ........ ..
#....... .# #.§.....
#..... #... #########.#
........K§# #########@#
#.# #.########.# #.#
#..........# #..
#.########.# #.. #.# #.#
#.. #.# #.# #.. #.# #.#
#..
#######.########.#####..


You could see Sonja.

Vanquished Creatures
  Gastronok (D:9)
  A hydra (D:10)
  A cyclops (D:11)
  A manticore (D:11)
  3 trolls
  Prince Ribbit (D:8)
  2 dream sheep (D:10)
  Sigmund (D:2)
  17 yaks
  A vampire (D:10)
  A wraith (D:10)
  2 steam dragons (D:8)
  A wyvern (D:9)
  2 acid dragons
  2 water moccasins (D:7)
  3 sky beasts
  An ice beast (D:7)
  A black bear (D:7)
  2 laughing skulls (D:11)
  3 orc warriors
  3 centaurs
  2 ogres
  A phantom (D:6)
  10 kobold brigands
  A brain worm (Sewer)
  2 bullfrogs (D:8)
  A gnoll sergeant (D:5)
  2 scorpions
  7 wights (D:7)
  14 killer bees
  3 howler monkeys
  3 hounds
  A gnoll bouda (D:7)
  2 orc priests (D:9)
  A jelly (D:6)
  2 sleepcaps
  4 iguanas
  11 orc wizards
  2 scorpion zombies (D:4)
  11 adders
  11 gnolls
  2 shadow imps
  2 white imps
  2 ufetubi (D:7)
  2 adder zombies (D:4)
  4 ribbon worms
  5 dart slugs
  27 orcs
  9 ball pythons
  10 endoplasms
  6 giant cockroaches
  7 goblins
  6 hobgoblins
  8 jackals
  35 kobolds
  2 quokkas
  7 bats
  4 frilled lizards
  6 rats
285 creatures vanquished.

Vanquished Creatures (others)
  An orc priest (D:9)
  An iguana (D:6)
  5 orcs (D:9)
  A kobold (D:8)
8 creatures vanquished.

Grand Total: 293 creatures vanquished

Notes
Turn   | Place    | Note
-------+----------+-------------------------------------------
     0 | D:1      | Raydon1206 the Draconian Shapeshifter began the quest for
                  | the Orb.
     0 | D:1      | Reached XP level 1. HP: 16/16 MP: 1/1
    54 | D:1      | Reached XP level 2. HP: 9/23 MP: 2/2
   368 | D:1      | Reached XP level 3. HP: 28/29 MP: 3/3
   784 | D:2      | Noticed Sigmund
  1003 | D:2      | Reached XP level 4. HP: 12/37 MP: 4/4
  1005 | D:2      | Reached skill level 4 in Shapeshifting
  1405 | D:2      | Killed Sigmund
  1406 | D:2      | Reached XP level 5. HP: 45/45 MP: 5/5
  1406 | D:2      | Reached XP level 6. HP: 51/51 MP: 6/6
  1745 | D:3      | Identified the +2 robe of Death Resistance {rF+ Int+3
                  | Archmagi}
  1756 | D:3      | Reached skill level 5 in Shapeshifting
  1804 | D:3      | Found a faded altar of an unknown god.
  2031 | D:4      | HP: 2/51 [iguana (7)]
  2222 | D:4      | Found a glowing drain.
  2303 | Sewer    | Entered a sewer
  2610 | Sewer    | Your scales start taking on a glossy black colour.
  2610 | Sewer    | Reached XP level 7. HP: 29/59 MP: 7/7
  2610 | Sewer    | Gained mutation: You are resistant to electric shocks.
                  | (rElec) [Black Draconian growth]
  2934 | D:4      | Reached skill level 6 in Shapeshifting
  3016 | D:4      | Reached skill level 5 in Unarmed Combat
  3197 | D:4      | Found a basalt altar of Yredelemnul.
  3769 | D:5      | Entered Level 5 of the Dungeon
  4268 | D:5      | Reached skill level 5 in Fighting
  4435 | D:5      | Reached XP level 8. HP: 42/68 MP: 8/8
  4711 | D:5      | Reached skill level 7 in Shapeshifting
  4968 | D:5      | Found a shimmering altar of Xom.
  5302 | D:5      | Found a runed translucent door.
  5303 | D:5      | Noticed Crazy Yiuf
  5879 | D:6      | Found a staircase to the Ecumenical Temple.
  5947 | Temple   | Entered the Ecumenical Temple
  6453 | D:6      | Reached skill level 8 in Shapeshifting
  7002 | D:7      | Reached XP level 9. HP: 72/77 MP: 9/9
  7496 | D:7      | Reached skill level 9 in Shapeshifting
  7509 | D:7      | Became a worshipper of Beogh the Shepherd
  7514 | D:7      | Noticed a troll
  7532 | D:7      | Killed a troll
  8044 | D:7      | Found a hide-covered altar of Uskayaw.
  8370 | D:8      | Found an ornate altar of the Wu Jian Council.
  8376 | D:8      | Found a transporter.
  8379 | D:8      | Noticed avangion's ghost (novice DEFE)
  8383 | D:8      | Noticed a manticore
  8923 | D:8      | Noticed a cyclops
  8924 | D:8      | Noticed a cyclops
  8959 | D:8      | Found a transporter.
  8962 | D:8      | Noticed Prince Ribbit
  8973 | D:8      | Reached * piety under Beogh
  8977 | D:8      | Killed Prince Ribbit
  8978 | D:8      | Reached XP level 10. HP: 87/88 MP: 10/10
  9048 | D:8      | Reached skill level 10 in Shapeshifting
  9194 | D:8      | Noticed a two-headed ogre
  9195 | D:8      | Noticed a skeletal warrior
  9196 | D:8      | Noticed a tengu warrior
  9260 | D:8      | Found a radiant altar of Vehumet.
  9261 | D:8      | Found a shimmering blue altar of Sif Muna.
  9367 | D:8      | Found a transporter.
  9427 | D:8      | Found a transporter.
  9625 | D:8      | Found a shadowy altar of Dithmenos.
  9826 | D:9      | Identified the +8 glaive of the Swamp {freeze, rElec Str-4
                  | Int+3}
 10159 | D:9      | Found an opulent altar of Gozag.
 10253 | D:9      | Found a runed translucent gate.
 10254 | D:9      | Found a runed translucent gate.
 10255 | D:9      | Noticed ezpacito's ghost (novice CoCK)
 10300 | D:9      | Reached skill level 11 in Shapeshifting
 10658 | D:9      | Reached ** piety under Beogh
 10942 | D:9      | Noticed Gastronok
 10959 | D:9      | Reached XP level 11. HP: 17/97 MP: 11/11
 11446 | D:9      | Found a runed translucent gate.
 11639 | D:9      | Killed Gastronok
 12029 | D:9      | Found a roughly hewn altar of Beogh.
 12063 | D:10     | Entered Level 10 of the Dungeon
 12080 | D:10     | Found a stormy altar of Qazlal.
 12485 | D:10     | Reached skill level 12 in Shapeshifting
 12564 | D:10     | Noticed a three-headed hydra
 12577 | D:10     | Killed a three-headed hydra
 12578 | D:10     | Reached skill level 10 in Fighting
 13680 | D:11     | Noticed Sonja
 13688 | D:11     | Slain by Sonja

Illustrated notes

Levels and vault maps discovered:
D:1:      tarquinn_simple_flora_water_d, layout_basic,
          chequers_serial_rivers_micro_a
D:2:      layout_loops_ring, minmay_misc_feat_pillars, grunt_ministairs_4,
          minmay_misc_feat_x, uniq_sigmund
D:3:      layout_rooms, dreamdust_ecumenical_altar_statues
D:4:      layout_basic, nicolae_yredelemnul_corpse_copse,
          cheibrodos_sewer_entry_bend, minmay_pentomino_pile
D:5:      layout_layer_cave, lemuel_doored_altar, uniq_crazy_yiuf_cottage
D:6:      layout_loops_corners, minmay_temple_entry_purple_smoke,
          lemuel_flamethrower_2
D:7:      layout_cave_pods, nicolae_uskayaw_dance_studio, grunt_potential
D:8:      gammafunk_the_bubble [the_bubble_gammafunk_crates], layout_basic,
          grunt_dithmenos_shadows, kennysheep_little_box, minitemple,
          gammafunk_ghost_arena, minmay_misc_feat_nine_boxes,
          uniq_prince_ribbit1
D:9:      layout_stronghold, grunt_gozag_breadcrumbs,
          biasface_ghost_orc_armoury, uniq_gastronok
D:10:     layout_roguey, mainiacjoe_overflow_alcove_1, hangedman_ranch
D:11:     layout_small_grid, dpeg_lair_monsters, uniq_fannar, uniq_sonja,
          uniq_snorg
Temple:   nicolae_temple_figure_eight

Skill      XL: |  1  2  3  4  5  6  7  8  9 10 11 |
---------------+----------------------------------+-----
Fighting       | 2 3 4 5 6 8 9 10 | 10.2
Shapeshifting  | 4 5 6 8 9 11 12 | 12.4
Unarmed Combat | 4 5 6 7 9 |  9.8
Dodging        | |  1.7

Action                     |  1- 3 |  4- 6 |  7- 9 | 10-12 || total
---------------------------+-------+-------+-------+-------++-------
  Melee: Unarmed           |    89 |   137 |   424 |   199 ||   849
         Tailslap          |     9 |    15 |    59 |    25 ||   108
         Punch             |     2 |     4 |     9 |    10 ||    25
 Invoke: Convert to Beogh  |       |       |     1 |       ||     1
Ability: Galvanic Breath   |       |       |     5 |     5 ||    10
    Use: Scroll            |     2 |     1 |     4 |    10 ||    17
         Potion            |       |     3 |     1 |       ||     4
 Armour: Skin              |    47 |   113 |   270 |   183 ||   613
  Dodge: Dodged            |    56 |    72 |   192 |    87 ||   407
  Block: Other             |       |     7 |    82 |    34 ||   123
         Reflection        |       |       |     8 |     1 ||     9
   Form: Blade             |       |       |     1 |       ||     1

Table legend: (Time is in decaauts)
 A = Elapsed time spent in this place.
 B = Non-inter-level travel time spent in this place.
 C = Inter-level travel time spent in this place.
 D = Time resting spent in this place.
 E = Time spent auto-exploring this place.
 F = Levels seen in this place.
 G = Mean time per level.
                   A        B        C        D        E       F      G
               +--------+--------+--------+--------+--------+-----+--------+
         Total |  13632 |  13390 |    242 |    858 |  10597 |  13 | 1048.6 |
       Dungeon |  12984 |  12742 |    242 |    850 |  10155 |  11 | 1180.4 |
        Temple |     34 |     34 |      0 |      0 |      0 |   1 |   34.0 |
         Sewer |    612 |    612 |      0 |      8 |    442 |   1 |  612.0 |
               +--------+--------+--------+--------+--------+-----+--------+

Top non-repeatable levels by time:
     D:9: 2225 daAuts
     D:5: 1748 daAuts
     D:7: 1484 daAuts
     D:8: 1443 daAuts
     D:6: 1293 daAuts
     D:4: 1195 daAuts
    D:10: 1070 daAuts
     D:2: 900 daAuts
     D:1: 725 daAuts
   Sewer: 612 daAuts
    D:11: 547 daAuts
     D:3: 349 daAuts
  Temple: 34 daAuts
